 Dungeon Crawl Stone Soup version 0.27-b1-42-g19c61b19a5 (webtiles) character file.

Game seed: 15175470155361842829

89 DildoBatman the Conjurer (level 4, -3/30 HPs)
             Began as a Formicid Conjurer on July 28, 2021.
             Was an Initiate of Kikubaaqudgha.
             Slain by a scorpion (4 damage)
             ... on level 5 of the Dungeon.
             The game lasted 00:08:33 (2536 turns).

DildoBatman the Conjurer (Formicid Conjurer)        Turns: 2536, Time: 00:08:34

Health: -3/30      AC:  2    Str: 11    XL:     4   Next: 84%
Magic:  2/7        EV: 12    Int: 20    God:    Kikubaaqudgha [......]
Gold:   150        SH:  5    Dex: 16    Spells: 4/7 levels left

rFire    . . .     SeeInvis +   b - +0 short sword
rCold    . . .     Faith    .   (no shield)
rNeg     . . .     Spirit   .   n - +0 robe
rPois    .         Reflect  +   (helmet unavailable)
rElec    .         Harm     .   (no cloak)
rCorr    .         Rampage  .   (no gloves)
Will     .....                  (no boots)
Stlth    ++........             c - amulet of reflection
HPRegen  0.10/turn              A - +6 ring of dexterity
MPRegen  0.10/turn              (no ring)

@: mighty, lethally poisoned (-3 -> -14)
A: permanent stasis, dig shafts and tunnels, antennae 3, four strong arms,
clever 1
a: Dig, Shaft Self, Renounce Religion


You were on level 5 of the Dungeon.
You worshipped Kikubaaqudgha.
Kikubaaqudgha was noncommittal.
You visited 1 branch of the dungeon, and saw 4 of its levels.

You collected 150 gold pieces.

Inventory:

Hand Weapons
 a - a +0 hunting sling
 b - a +0 short sword (weapon)
Missiles
 d - 134 stones
 f - 5 atropa-tipped darts
 i - 9 poisoned darts
Armour
 n - a +0 robe (worn)
Jewellery
 c - an amulet of reflection (around neck)
 A - a +6 ring of dexterity (left hand)
Scrolls
 h - 2 scrolls of noise {unknown}
 k - a scroll of teleportation {unknown}
 o - a scroll of blinking {unknown}
 r - a scroll of magic mapping {unknown}
Potions
 e - a potion of mutation
 g - a potion of curing {unknown}
 j - a potion of might
 l - a potion of heal wounds {unknown}
 m - a potion of brilliance {unknown}
 p - a potion of ambrosia {unknown}
 q - a potion of degeneration {unknown}


   Skills:
 * Level 0.0 Fighting
 * Level 0.0 Armour
 - Level 1.7 Dodging
 - Level 2.4 Stealth
 * Level 2.1 Spellcasting
 * Level 5.3 Conjurations


You had 4 spell levels left.
You knew the following spells:

 Your Spells              Type           Power      Damage    Failure   Level
a - Searing Ray           Conj           46%        3d4       2%          2
c - Magic Dart            Conj           92%        1d7       1%          1

Your spell library contained the following spells:

 Spells                   Type           Power      Damage    Failure   Level
 Dazzling Flash           Conj/Hex       24%        N/A       16%         3
 Fulminant Prism          Conj/Hex       6%         3d7       45%         4
 Iskenderun's Mystic Bla  Conj/Tloc      12%        2d5       45%         4
 Manifold Assault         Tloc           2%         N/A       99%         5
 Storm Form               Tmut/Air       1%         N/A       100%        7
 Blink                    Tloc           Unusable   N/A       N/A         2

Dungeon Overview and Level Annotations

Branches:
Dungeon (3/15)

Altars:
Cheibriados
Fedhas
Kikubaaqudgha
Sif Muna
Uskayaw

Shops:
D:2 =

Annotations:
D:3 Ijyb


Innate Abilities, Weirdness & Mutations

You cannot be hasted, slowed, berserked, paralysed or teleported.
You can dig through walls and to a lower floor.
You have a pair of large antennae on your head. (SInv)
Your four strong arms can wield two-handed weapons with a shield.
Your mind is acute. (Int +2)


Message History

Press: ? - help, Shift-Dir - straight line, f/p - Ijyb
Aim: Ijyb, wielding a +0 club, wearing a +0 leather armour and carrying a wand of charming (7) (moderately wounded, 72% to hit)
The searing ray misses Ijyb. (Press . to maintain the ray.) Ijyb hits you with a +0 club.
Are you sure you want to shaft yourself?
Ijyb hits you with a +0 club.
You begin to dig a shaft.
You continue digging a shaft.
Ijyb zaps a wand.
You resist with some effort. A shaft appears beneath you!
You fall into a shaft and drop 2 floors!
The shaft crumbles and collapses.
A scorpion comes into view.
Found 12 gold pieces.
Found an escape hatch in the floor.
Found a stone staircase leading down.
Found 10 gold pieces.
You extend your mandibles.
You dig through the rock wall.
You dig through the rock wall.
Found 13 gold pieces.
You retract your mandibles.
The scorpion barely misses you.
Press: ? - help, v - describe, . - travel
Here: a scorpion The floor.
It was a potion of mutation.
You feel extremely strange.
You feel clever. The scorpion stings you!
You are lethally poisoned!
The scorpion poisons you!
It was a potion of might.
You feel very mighty all of a sudden.
You feel very sick. The scorpion stings you.
You die...
Kikubaaqudgha rasps: "You have failed me!
Welcome... death!"

{##...$# .....#
{ ##....##
#..P♣..#
#..PP..#
##....#
##.....#
.#####.#+##.##
#.........s@..#
..............#
....>.........#
.$.......>....#
..............#
........$.....#
....###....####
... #....#
#....


You could see a scorpion.

Vanquished Creatures
  An adder (D:3)
  2 worms (D:2)
  A dart slug (D:2)
  7 endoplasms
  3 giant cockroaches
  10 goblins
  4 hobgoblins
  10 jackals
  5 kobolds
  4 quokkas
  5 ball pythons
  4 bats
  A frilled lizard (D:1)
  5 rats
62 creatures vanquished.

Vanquished Creatures (others)
  2 plants (D:1)
2 creatures vanquished.

Grand Total: 64 creatures vanquished

Notes
Turn   | Place    | Note
-------+----------+-------------------------------------------
     0 | D:1      | DildoBatman the Formicid Conjurer began the quest for the
                  | Orb.
     0 | D:1      | Reached XP level 1. HP: 13/13 MP: 3/3
   198 | D:1      | Reached XP level 2. HP: 19/19 MP: 1/5
   205 | D:1      | Learned a level 2 spell: Searing Ray
   244 | D:1      | Reached skill level 4 in Conjurations
   456 | D:1      | Reached XP level 3. HP: 24/24 MP: 3/6
   630 | D:1      | Found a faded altar of an unknown god.
   917 | D:2      | Reached XP level 4. HP: 29/30 MP: 0/7
  1114 | D:2      | Reached skill level 5 in Conjurations
  1425 | D:2      | Found Vuonow's Jewellery Emporium.
  1689 | D:3      | Noticed Ijyb
  1978 | D:3      | Found a hide-covered altar of Uskayaw.
  1986 | D:3      | Found a shimmering blue altar of Sif Muna.
  1986 | D:3      | Found a snail-covered altar of Cheibriados.
  1986 | D:3      | Found a blossoming altar of Fedhas.
  2008 | D:3      | Found an ancient bone altar of Kikubaaqudgha.
  2015 | D:3      | Became a worshipper of Kikubaaqudgha
  2523 | D:3      | You fall into a shaft and drop 2 floors!
  2523 | D:5      | Entered Level 5 of the Dungeon
  2523 | D:5      | Noticed a scorpion
  2535 | D:5      | Gained mutation: Your mind is acute. (Int +2) [potion of
                  | mutation]
  2536 | D:5      | HP: 1/30 [poisoned by a scorpion]
  2536 | D:5      | Slain by a scorpion

Illustrated notes

Levels and vault maps discovered:
D:1:      matt_arrival_los_fun, layout_rooms, ebering_ecumenical_altar_box,
          minmay_shallow_snake_nest
D:2:      layout_rooms, serial_shops, nicolae_square_shop,
          amcnicky_mini_rare_corridor_liquid
D:3:      layout_loops_ring, minmay_overflow_temple_star_hex,
          chequers_arboretum, uniq_ijyb
D:5:      layout_basic, kb_xom_exploding_sheep, serial_park_tiny_1,
          nicolae_underground_beach

Skill      XL: |  1  2  3  4 |
---------------+-------------+-----
Conjurations   | 4 5 |  5.3
Dodging        | |  1.7
Stealth        | |  2.4
Spellcasting   | |  2.1

Action                   |  1- 3 |  4- 6 || total
-------------------------+-------+-------++-------
Melee: Short sword       |     6 |     1 ||     7
 Cast: Magic Dart        |    27 |    19 ||    46
       Searing Ray       |     9 |    12 ||    21
 Abil: Dig               |     1 |    27 ||    28
       Shaft Self        |       |     1 ||     1
  Use: Potion            |       |     2 ||     2
Armor: Robe              |     3 |       ||     3
Dodge: Dodged            |     9 |     3 ||    12
Block: Other             |     4 |     1 ||     5
